 Dungeon Crawl Stone Soup version 0.29.0-4-gdea44cf6ec (webtiles) character file.

Game seed: 5118688555678040296

18 qw the Sneak (level 2, -2/19 HPs)
             Began as a Gargoyle Delver on Sept 10, 2022.
             Slain by a worm (4 damage)
             ... on level 2 of the Dungeon.
             The game lasted 00:00:17 (752 turns).

qw the Sneak (Gargoyle Delver)                       Turns: 752, Time: 00:00:17

Health: -2/19      AC: 12    Str: 15    XL:     2   Next: 70%
Magic:  2/2        EV:  6    Int: 10    God:
Gold:   20         SH:  0    Dex: 11    Spells: 1/1 levels left

rFire   . . .      SeeInvis .   Y - +0 hand axe
rCold   . . .      Faith    .   (no shield)
rNeg    + . .      Spirit   .   i - +0 chain mail
rPois   inf        Reflect  .   (no helmet)
rElec   +          Harm     .   l - +0 cloak
rCorr   .          Rampage  .   (no gloves)
Will    .....                   (no boots)
Stlth   ..........              (no amulet)
HPRegen 0.06/turn               (no ring)
MPRegen 0.08/turn               (no ring)

@: no status effects
A: sickness immunity, AC +2, negative energy resistance 1, electricity
resistance, torment resistance 1, petrification resistance
a: no special abilities


You were on level 2 of the Dungeon.
You visited 1 branch of the dungeon, and saw 4 of its levels.

You collected 20 gold pieces.


Innate Abilities, Weirdness & Mutations

You are immune to sickness and miasma.
Your stone body is resilient. (AC +2)
You are immune to poison.
You resist negative energy. (rN+)
You are resistant to electric shocks. (rElec)
You are resistant to unholy torment.
You are immune to petrification.


   Skills:
 - Level 3.2 Fighting
 + Level 2.6 Axes
 - Level 1.1 Armour
 - Level 1.5 Dodging
 - Level 5.4 Stealth


You had one spell level left.
You didn't know any spells.
Your spell library was empty.

Inventory:

Hand Weapons
 Y - a +0 hand axe (weapon)
Armour
 i - a +0 chain mail (worn)
 l - a +0 cloak (worn)
Wands
 g - a wand of digging (3)
Scrolls
 a - a scroll of teleportation {unknown}
Potions
 f - a potion of haste
 k - a potion of curing

Dungeon Overview and Level Annotations

Branches:
Dungeon (5/15)
 Temple: D:4-7

Altars:


Message History

You hit the worm. The worm completely misses you.
The worm bites you but does no damage.
You barely miss the worm.
The worm is heavily wounded.
You hit the worm but do no damage. The worm bites you but does no damage.
You hit the worm.
The worm is almost dead.
You hit the worm. The worm barely misses you.
You hit the worm but do no damage.
The worm is almost dead.
You hit the worm but do no damage. The worm bites you but does no damage.
The worm barely misses you.
You barely miss the worm.
The worm is severely wounded.
You barely miss the worm. The worm closely misses you.
You hit the worm but do no damage.
The worm is severely wounded.
You hit the worm. The worm bites you but does no damage. The worm bites you.
You hit the worm but do no damage.
The worm is severely wounded.
You completely miss the worm. The worm bites you.
You slash the worm!
You kill the worm!
You hit the worm. The worm barely misses you.
Your Armour skill increases to level 1!
You slash the worm!
The worm is severely wounded.
The worm bites you.
You hit the worm.
The worm is severely wounded.
You hit the worm.
The worm is almost dead.
The worm bites you.
You die...

######
#....# #
#....###...
#..........
#..@...#
###w####
#.# #.# #.#
#.# #.# #.#


You could see a worm.

Vanquished Creatures
  An adder (D:5)
  A worm (D:2)
  An orc (D:5)
  An endoplasm (D:4)
  A hobgoblin (D:4)
  A quokka (D:4)
6 creatures vanquished.

Notes
Turn   | Place    | Note
-------+----------+-------------------------------------------
     0 | D:5      | qw the Gargoyle Delver began the quest for the Orb.
     0 | D:5      | Reached XP level 1. HP: 14/14 MP: 1/1
     0 | D:5      | 0 ||| qw: Version: 0.1-a-116-g5d60599
     0 | D:5      | 0 ||| qw: Game counter: 9288
     0 | D:5      | 0 ||| qw: Always use a shield: true
     0 | D:5      | 0 ||| qw: God list: Okawaru
     0 | D:5      | 0 ||| qw: Allow faded altars: false
     0 | D:5      | 0 ||| qw: Do Orc after D:15 true
     0 | D:5      | 0 ||| qw: Do second Lair branch before Depths: true
     0 | D:5      | 0 ||| qw: Lair rune preference: random
     0 | D:5      | 0 ||| qw: Plans: Normal
     0 | D:5      | 0 ||| PLANNING D:1-11
   159 | D:5      | Noticed a howler monkey
   191 | D:5      | 191 ||| Stepping ~*~*~tactically~*~*~ (stealth).
   192 | D:5      | 192 ||| Stepping ~*~*~tactically~*~*~ (stealth).
   194 | D:5      | 194 ||| Stepping ~*~*~tactically~*~*~ (stealth).
   268 | D:5      | Reached XP level 2. HP: 13/19 MP: 2/2
   391 | D:5      | 391 ||| UPGRADING to +0 chain mail.
   401 | D:5      | 401 ||| DROPPING +0 leather armour.
   402 | D:5      | 402 ||| UPGRADING to +0 cloak.
   407 | D:5      | 407 ||| DROPPING scarf of invisibility.
   408 | D:5      | 408 ||| DROPPING amulet of magic regeneration.
   409 | D:5      | 409 ||| READING scroll labelled LIUSYS OFERCH.
   410 | D:5      | 410 ||| DRINKING 2 fuming pink potions.
   411 | D:5      | 411 ||| DROPPING scroll of fog.
   412 | D:5      | 412 ||| DROPPING scroll of magic mapping.
   413 | D:5      | 413 ||| DROPPING scroll of fear.
   424 | D:4      | 424 ||| PLANNING SEWER
   718 | D:4      | 718 ||| FLEEEEING.
   719 | D:4      | 719 ||| FLEEEEING.
   720 | D:4      | 720 ||| FLEEEEING.
   721 | D:4      | 721 ||| STAIRDANCE
   723 | D:3      | 723 ||| FLEEEEING.
   724 | D:3      | 724 ||| FLEEEEING.
   725 | D:3      | 725 ||| FLEEEEING.
   726 | D:3      | 726 ||| FLEEEEING.
   727 | D:3      | 727 ||| FLEEEEING.
   728 | D:3      | 728 ||| FLEEEEING.
   729 | D:3      | 729 ||| FLEEEEING.
   730 | D:3      | 730 ||| STAIRDANCE
   748 | D:2      | HP: 4/19 [worm (6)]
   750 | D:2      | Reached skill level 1 in Armour
   752 | D:2      | Slain by a worm

Levels and vault maps discovered:
D:2:      minmay_roachtagon, layout_basic, st_stairs_5, minmay_lizard_pond
D:3:      layout_basic, dreamdust_ecumenical_altar_drowned_temple
D:4:      layout_basic, lemuel_blue_sif_altar, minmay_temple_entry_wispy,
          gup_sewer_entry_spiral, guppyfry_shop_venom
D:5:      layout_basic, kennysheep_cross_bottleneck, roderic_batcave, uniq_ijyb,
          uniq_blork_the_orc

Skill      XL: |  1  2 |
---------------+-------+-----
Axes           | 2 |  2.6
Armour         | 1 |  1.1
Fighting       | |  3.2
Dodging        | |  1.5
Stealth        | |  5.4

Action                   || total
-------------------------++-------
Melee: Hand axe          ||    48
       Punch             ||     1
  Use: Scroll            ||     1
       Potion            ||     1
Armor: Leather armour    ||     8
       Chain mail        ||    13
Dodge: Dodged            ||    16

Table legend:
 A = Non-vault XP
 B = Vault XP
 C = Vault XP percentage of total XP
 D = Non-vault monster count
 E = Vault monster count
 F = Vault count percentage of total count
                 A         B        C        D         E       F
            +---------+---------+-------+---------+---------+-------
      Total |      27 |       0 |   0.0 |       6 |       0 |   0.0
            +---------+---------+-------+---------+---------+-------
        D:2 |       5 |       0 |   0.0 |       1 |       0 |   0.0
        D:4 |       6 |       0 |   0.0 |       3 |       0 |   0.0
        D:5 |      16 |       0 |   0.0 |       2 |       0 |   0.0
            +---------+---------+-------+---------+---------+-------
